 Dungeon Crawl Stone Soup version 0.31-a0-1405-g2bb1a01664 (webtiles) character file.

Game seed: 14170218228247322628

2171 grandjackal the Toxicologist (level 9, -6/57 HPs)
             Began as a Vampire Earth Elementalist on Dec 26, 2023.
             Killed by divine providence
             ... invoked by an orc priest
              (16 damage)
             ... on level 7 of the Dungeon.
             The game lasted 00:10:17 (6905 turns).

grandjackal the Toxicologist (VpEE)                 Turns: 6905, Time: 00:10:17

Health: -6/57      AC:  3    Str:  7    XL:     9   Next: 11%
Magic:  10/12      EV: 12    Int: 22    God:
Gold:   359        SH:  0    Dex: 14    Spells: 5/12 levels left

rFire   . . .        l - +6 dagger
rCold   . . .        z - orb {guile}
rNeg    . . .        a - +0 robe
rPois   .            (no helmet)
rElec   .            (no cloak)
rCorr   .            (no gloves)
SInv    +            j - +0 pair of boots
Will    .....        (no amulet)
Stlth   +++          (no ring)
HPRegen 0.49/turn    (no ring)
MPRegen 0.13/turn

%: no passive effects
@: healing quickly
A: alive, fangs 3, see invisible, vampiric 2
a: Exsanguinate


You were on level 7 of the Dungeon.
You visited 2 branches of the dungeon, and saw 8 of its levels.
You also visited: Sewer.

You collected 359 gold pieces.

Inventory:

Hand Weapons
 l - a +6 dagger (weapon)
Missiles
 B - a throwing net (quivered)
Armour
 a - a +0 robe (worn)
 j - a +0 pair of boots (worn)
 z - an orb of guile (worn)
Jewellery
 k - an amulet of the acrobat
Wands
 p - a wand of polymorph (18)
 v - a wand of flame (8)
 y - a wand of mindburst (11)
Scrolls
 c - 6 scrolls of blinking
 f - 2 scrolls of fog {unknown}
 h - a scroll of fear {unknown}
 i - 3 scrolls of teleportation
 m - a scroll of vulnerability {unknown}
 n - a scroll of poison {unknown}
 o - a scroll of revelation {unknown}
 s - a scroll of enchant armour {unknown}
 t - a scroll of enchant weapon {unknown}
 w - a scroll of noise {unknown}
 x - a scroll of brand weapon {unknown}
Potions
 b - a potion of magic
 d - 9 potions of curing
 e - a potion of invisibility
 g - 2 potions of lignification {unknown}
 q - 3 potions of enlightenment
 r - a potion of might {unknown}
 u - 2 potions of heal wounds
 A - a potion of ambrosia {unknown}


   Skills:
 - Level 4.0 Short Blades
 - Level 2.1 Dodging
 - Level 5.0 Stealth
 - Level 2.0 Spellcasting
 + Level 8.5 Earth Magic
 + Level 8.6 Alchemy


You had 5 spell levels left.
You knew the following spells:

 Your Spells              Type           Power      Damage    Failure   Level
a - Sandblast             Erth           78%        2d17      1%          1
b - Passwall              Alch/Erth      32%        N/A       1%          2
c - Petrify               Alch/Erth      39%        N/A       4%          4

Your spell library contained the following spells:

 Spells                   Type           Power      Damage    Failure   Level
 Stone Arrow              Conj/Erth      40%        3d9       7%          3
 Static Discharge         Conj/Air       4%         3-4/arc   21%         2
 Brom's Barrelling Bould  Conj/Erth      20%        2d4       24%         4
 Call Canine Familiar     Summ           2%         N/A       38%         3
 Sigil of Binding         Hex            2%         N/A       38%         3
 Summon Guardian Golem    Hex/Summ       2%         N/A       38%         3
 Airstrike                Air            1%         2d(1-17)  80%         4
 Dimensional Bullseye     Hex/Tloc       1%         N/A       80%         4
 Summon Lightning Spire   Summ/Air       2%         N/A       80%         4
 Orb of Destruction       Conj           1%         9d5       100%        7
 Spellforged Servitor     Conj/Summ      1%         N/A       100%        7


Dungeon Overview and Level Annotations

Branches:
Dungeon (7/15)             Temple (1/1) D:4           Sewer (visited)

Altars:
Ashenzari
Cheibriados
Fedhas
Gozag
Hepliaklqana
Kikubaaqudgha
Makhleb
Nemelex Xobeh
Okawaru
Qazlal
Ru
Sif Muna
Trog
Uskayaw
Vehumet
Wu Jian
Xom
Lugonu

Shops:
D:4 :

Annotations:
D:7 Menkaure


Innate Abilities, Weirdness & Mutations

Your natural rate of healing is accelerated.
You have razor-sharp teeth.
You have supernaturally acute eyesight. (SInv)
You are afflicted with vampirism and can become a bat while bloodless.


Message History

The orc convulses!
The orc priest convulses!
The orc priest shouts!
The sky beast convulses!
The orc convulses!
Your body is wracked with pain!
An orc comes into view. It is wielding a +0 club.
The sky beast flickers out of sight for a moment.
An orc wizard comes into view. It is wielding a +0 dagger.
The orc shouts!
Things that are here:
a +0 flail; an orc corpse The orc priest calls down the wrath of Beogh upon you.
Beogh smites you!
Casting: Petrify (dangerous; 4% risk of failure)
Confirm with . or Enter, or press ? or * to list all spells.
Aiming: Sandblast (safe; 1% risk of failure)
Press: ? - help, Shift-Dir - straight line, f - orc
Aim: an orc, wielding a +0 club (lightly wounded, 84% to hit)
The blast of sand hits the orc!
You kill the orc!
The orc priest mumbles some strange prayers to Beogh against you.
Beogh smites you!
* * * LOW HITPOINT WARNING * * *
Casting: Sandblast (safe; 1% risk of failure)
Confirm with . or Enter, or press ? or * to list all spells.
Aiming: Sandblast (safe; 1% risk of failure)
Press: ? - help, Shift-Dir - straight line, f - orc
Aim: an orc, wielding a +0 dagger and wearing a +0 chain mail (moderately wounded, 88% to hit)
The blast of sand hits the orc!!
You kill the orc!
You start resting.
An orc priest is nearby!
Casting: Sandblast (safe; 1% risk of failure)
Confirm with . or Enter, or press ? or * to list all spells.
Aiming: Sandblast (safe; 1% risk of failure)
Press: ? - help, Shift-Dir - straight line, f - orc priest
Aim: an orc priest, wielding a +0 trident (heavily wounded, 84% to hit)
The blast of sand hits the orc priest.
The orc priest is severely wounded.
The orc priest calls down the wrath of Beogh upon you.
Beogh smites you!
You die...

#####.# ###.....# .
###.......# o.
########..######## .M##
#.......### .Yo.# ##.......#
#....# ##..o.....##### ###
#.o.####.$.##........######.#
#...#.o..####@............##
#)o.Y.## ##...........##
##..o## ##...<......# ##..#
##..######.## #..## #...#
#..# ###...#### #...# ##.##
#........###...# #..#
#....##.....#...# ##..#
#....######.......###..##


You could see an orc priest.

Vanquished Creatures
  Jeremiah (D:6)
  Prince Ribbit (D:5)
  A water moccasin (D:6)
  Duvessa (D:5)
  3 ogres
  A phantom (D:4)
  Blork the orc (D:5)
  2 bullfrogs (Sewer)
  2 scorpions
  Dowan (D:5)
  A bombardier beetle (D:3)
  3 orc priests
  A jelly (D:4)
  A gnoll bouda (D:6)
  3 hounds
  2 sleepcaps
  An orc wizard (D:3)
  2 iguanas
  11 gnolls
  9 adders
  3 white imps
  2 ufetubi (D:5)
  5 worms
  5 dart slugs
  22 orcs
  4 bats
  5 endoplasms
  16 giant cockroaches
  11 goblins
  11 hobgoblins
  2 jackals (D:1)
  10 kobolds
  4 quokkas
  15 ball pythons
  13 frilled lizards
  7 rats
183 creatures vanquished.

Notes
Turn   | Place    | Note
-------+----------+-------------------------------------------
     0 | D:1      | grandjackal the Vampire Earth Elementalist began the quest
                  | for the Orb.
     0 | D:1      | Reached XP level 1. HP: 13/13 MP: 3/3
   153 | D:1      | Reached XP level 2. HP: 19/19 MP: 5/5
   475 | D:1      | Reached skill level 1 in Short Blades
   560 | D:1      | Gained mutation: You are afflicted with vampirism and can
                  | become a bat while bloodless. [Vampire growth]
   560 | D:1      | Reached XP level 3. HP: 24/24 MP: 6/6
  1029 | D:1      | Learned a level 2 spell: Passwall
  1589 | D:2      | Reached XP level 4. HP: 29/30 MP: 7/7
  2292 | D:2      | Learned a level 4 spell: Petrify
  2391 | D:3      | Found an opulent altar of Gozag.
  2420 | D:3      | Reached skill level 5 in Stealth
  2420 | D:3      | Reached XP level 5. HP: 30/35 MP: 6/8
  3135 | D:4      | Found a staircase to the Ecumenical Temple.
  3153 | Temple   | Entered the Ecumenical Temple
  3218 | D:4      | Reached XP level 6. HP: 28/41 MP: 4/9
  3377 | D:4      | Found Hal Vaph's Self-Improvement Boutique.
  3516 | D:4      | Reached skill level 5 in Earth Magic
  3602 | D:4      | Found an ornate altar of the Wu Jian Council.
  3602 | D:4      | Found a burning altar of Makhleb.
  3602 | D:4      | Found a radiant altar of Vehumet.
  3605 | D:4      | Found an iron altar of Okawaru.
  3606 | D:4      | Found a hide-covered altar of Uskayaw.
  3606 | D:4      | Found a shimmering altar of Xom.
  3606 | D:4      | Found a shimmering blue altar of Sif Muna.
  3622 | D:4      | Reached XP level 7. HP: 46/46 MP: 10/10
  4134 | D:5      | Entered Level 5 of the Dungeon
  4134 | D:5      | Noticed Blork the orc
  4141 | D:5      | Killed Blork the orc
  4256 | D:5      | Reached skill level 5 in Alchemy
  4320 | D:5      | Noticed Prince Ribbit
  4328 | D:5      | Killed Prince Ribbit
  4404 | D:5      | Reached XP level 8. HP: 52/52 MP: 11/11
  4441 | D:5      | Noticed Duvessa
  4441 | D:5      | Noticed Dowan
  4444 | D:5      | Killed Duvessa
  4445 | D:5      | Killed Dowan
  4470 | D:5      | Found a snail-covered altar of Cheibriados.
  5244 | D:6      | Found a glowing drain.
  5245 | D:6      | Noticed Jeremiah
  5256 | Sewer    | Entered a sewer
  5692 | D:6      | Killed Jeremiah
  6174 | D:6      | Reached XP level 9. HP: 55/57 MP: 8/12
  6886 | D:7      | Noticed Menkaure
  6905 | D:7      | Killed from afar by an orc priest

Illustrated notes

Levels and vault maps discovered:
D:1:      dpeg_arrival_shrine, layout_basic, grunt_decor_arrowhead
D:2:      minmay_razor_zed, layout_basic, st_stairs_2
D:3:      layout_basic, grunt_temple_overflow_gold_and_silver
D:4:      layout_loops_ring, grunt_temple_overflow_open,
          minmay_temple_entry_drinking_statues, nicolae_shop_self_help
D:5:      layout_basic, kennysheep_slug_shrine, grunt_ministairs_8,
          uniq_duvessa, uniq_prince_ribbit1, uniq_blork_the_orc
D:6:      layout_loops_corners, elyvilon_altar_5, cheibrodos_sewer_entry_bend,
          uniq_jeremiah
D:7:      layout_layer_cave, uniq_menkaure, uniq_joseph
Temple:   corrupted_temple

Skill      XL: |  1  2  3  4  5  6  7  8 |
---------------+-------------------------+-----
Short Blades   | 1 2 3 4 |  4.0
Alchemy        | 2 3 4 6 8 |  8.6
Stealth        | 4 5 |  5.0
Earth Magic    | 4 5 6 8 |  8.5
Dodging        | |  2.1
Spellcasting   | |  2.0

Action                     |  1- 3 |  4- 6 |  7- 9 || total
---------------------------+-------+-------+-------++-------
  Melee: Dagger            |   140 |   101 |   109 ||   350
         Bite              |     9 |    11 |    13 ||    33
         Punch             |     1 |       |       ||     1
   Cast: Sandblast         |    23 |    33 |    68 ||   124
         Petrify           |       |       |     2 ||     2
         Passwall          |       |       |     1 ||     1
    Use: Scroll            |       |       |     6 ||     6
   Stab: Sleeping          |     7 |    11 |    13 ||    31
         Distracted        |       |     1 |       ||     1
         Petrified         |       |       |     5 ||     5
         Petrifying        |       |       |     1 ||     1
 Armour: Robe              |    84 |    56 |    54 ||   194
  Dodge: Dodged            |    98 |    61 |    58 ||   217

Table legend: (Time is in decaauts)
 A = Elapsed time spent in this place.
 B = Non-inter-level travel time spent in this place.
 C = Inter-level travel time spent in this place.
 D = Time resting spent in this place.
 E = Time spent auto-exploring this place.
 F = Levels seen in this place.
 G = Mean time per level.
                   A        B        C        D        E       F      G
               +--------+--------+--------+--------+--------+-----+--------+
         Total |   6962 |   6712 |    250 |    733 |   4453 |   9 |  773.6 |
       Dungeon |   6562 |   6321 |    241 |    673 |   4293 |   7 |  937.4 |
        Temple |     25 |     16 |      9 |      0 |      0 |   1 |   25.0 |
         Sewer |    374 |    374 |      0 |     60 |    160 |   1 |  374.0 |
               +--------+--------+--------+--------+--------+-----+--------+

Top non-repeatable levels by time:
     D:6: 1418 daAuts
     D:2: 1197 daAuts
     D:1: 1109 daAuts
     D:4: 1037 daAuts
     D:5: 837 daAuts
     D:3: 772 daAuts
   Sewer: 374 daAuts
     D:7: 189 daAuts
  Temple: 25 daAuts
